 Dungeon Crawl Stone Soup version 0.30-a0-743-gbfdf073431 (webtiles) character file.

Game seed: 17753474167751714989

21661 zero the Thaumaturge (level 12, -1/77 HPs)
             Began as a Gargoyle Earth Elementalist on Feb 6, 2023.
             Was a Believer of Vehumet.
             Slain by a five-headed hydra (11 damage)
             ... on level 2 of the Lair of Beasts.
             The game lasted 00:18:01 (16362 turns).

zero the Thaumaturge (Gargoyle Earth Elementalist) Turns: 16362, Time: 00:18:02

Health: -1/77      AC: 21    Str: 12    XL:     12   Next: 92%
Magic:  1/38       EV: 11    Int: 32    God:    Vehumet [**....]
Gold:   773        SH:  0    Dex: 10    Spells: 22/37 levels left

rFire   . . .      SeeInvis +    O - +2 dagger "Usaop" {drain, Contam rCorr Int+5 SInv}
rCold   . . .      Faith    .    (no shield)
rNeg    + . .      Spirit   .    x - +2 troll leather armour {Snorg}
rPois   ∞          Reflect  .    s - +1 helmet
rElec   +          Harm     .    G - +0 cloak
rCorr   +          Rampage  .    (no gloves)
Will    .....                    u - +1 pair of boots {Stlth+}
Stlth   +++                      (no amulet)
HPRegen 1.12/turn                w - ring of magical power
MPRegen 0.26/turn                g - +6 ring of intelligence

@: no status effects
A: sickness immunity, AC +8, negative energy resistance 1, electricity
resistance, torment resistance 1, petrification resistance
a: Renounce Religion


You were on level 2 of the Lair of Beasts.
You worshipped Vehumet.
Vehumet was pleased with you.
You visited 3 branches of the dungeon, and saw 16 of its levels.
You also visited: Ossuary.

You collected 923 gold pieces.
You spent 150 gold pieces at shops.

Inventory:

Hand Weapons
 C - a +8 spear
 O - the +2 dagger "Usaop" (weapon) {drain, Contam rCorr Int+5 SInv}
   (You found it on level 2 of the Lair of Beasts)

   Int:       It affects your intelligence (+5).
   SInv:      It lets you see invisible.
   Contam:    It causes magical contamination when unequipped.
   rCorr:     It protects you from acid and corrosion.
Missiles
 e - a throwing net
Armour
 j - +0 steam dragon scales
 s - a +1 helmet (worn)
 u - a +1 pair of boots of stealth (worn)
 x - a +2 troll leather armour (worn) {Snorg}
 G - a +0 cloak (worn)
 L - a +1 robe of cold resistance
 M - a +2 helmet of see invisible
Magical Staves
 J - a staff of cold
Jewellery
 g - a +6 ring of intelligence (right hand)
 w - a ring of magical power (left hand)
 B - a ring of resist corrosion
 E - a ring of see invisible
 I - a ring of fire
 K - a ring of ice
 N - an amulet of faith
Wands
 k - a wand of iceblast (4)
 t - a wand of paralysis (15)
 y - a wand of mindburst (11)
 A - a wand of polymorph (3)
 P - a wand of acid (3)
Scrolls
 b - 3 scrolls of immolation
 h - 2 scrolls of butterflies
 m - 7 scrolls of teleportation
 o - a scroll of fear
 D - 3 scrolls of magic mapping
 H - 2 scrolls of poison
Potions
 a - a potion of magic
 c - 14 potions of curing
 d - 4 potions of brilliance
 f - a potion of invisibility
 i - 3 potions of attraction
 l - 3 potions of lignification
 p - 3 potions of mutation
 q - 6 potions of haste
 r - a potion of ambrosia
 v - a potion of berserk rage
 z - 2 potions of might
 F - 5 potions of heal wounds


   Skills:
 - Level 10.0 Fighting
 - Level 5.0 Armour
 - Level 1.5 Dodging
 - Level 2.1 Stealth
 + Level 13.3 Spellcasting
 - Level 10.0 Conjurations
 - Level 0.7 Transmutations
 - Level 10.0 Earth Magic


You had 22 spell levels left.
You knew the following spells:

 Your Spells              Type           Power      Damage    Failure   Level
a - Sandblast             Erth           100%       2d20      1%          1
b - Stone Arrow           Conj/Erth      100%       3d13      1%          3
c - Iron Shot             Conj/Erth      35%        9d7       7%          6
l - Lee's Rapid Deconstr  Erth           35%        3d18*     1%          5

Your spell library contained the following spells:

 Spells                   Type           Power      Damage    Failure   Level
 Searing Ray              Conj           100%       2d8       1%          2
 Passwall                 Tmut/Erth      44%        N/A       1%          2
 Dazzling Flash           Conj/Hex       100%       N/A       1%          3
 Summon Small Mammal      Summ           84%        N/A       2%          1
 Animate Armour           Summ/Erth      100%       N/A       3%          4
 Iskenderun's Mystic Bla  Conj/Tloc      52%        2d11      3%          4
 Leda's Liquefaction      Hex/Erth       26%        N/A       3%          4
 Petrify                  Tmut/Erth      53%        N/A       3%          4
 Call Canine Familiar     Summ           21%        N/A       9%          3
 Summon Guardian Golem    Hex/Summ       21%        N/A       9%          3
 Blade Hands              Tmut           12%        N/A       50%         5
 Starburst                Conj/Fire      26%        6d8       50%         6
 Lehudib's Crystal Spear  Conj/Erth      35%        10d9      97%         8
 Statue Form              Tmut/Erth      Unusable   N/A       N/A         6

Dungeon Overview and Level Annotations

Branches:
Dungeon (12/15)            Temple (1/1) D:6            Lair (3/5) D:10
    Orc (0/2) D:10        Ossuary (visited)
  Swamp: Lair:2-3    Shoals: Lair:2-3     Snake: Lair:2-3    Spider: Lair:2-3

Altars:
Ashenzari
Cheibriados
Dithmenos
Elyvilon
Fedhas
Gozag
Hepliaklqana
Kikubaaqudgha
Makhleb
Nemelex Xobeh
Okawaru
Qazlal
Ru
Sif Muna
Trog
Uskayaw
Vehumet
Wu Jian
Xom
Yredelemnul
Zin
The Shining One
Lugonu

Shops:
D:4 [   D:7 *

Annotations:
D:3 4 runed translucent doors, Selgatrox's ghost, amateur DrTm; tilp's ghost, weakling MeFi
D:6 3 runed translucent doors, mrw0lf's ghost, novice DsHu
D:12 Jorgrun


Innate Abilities, Weirdness & Mutations

You are immune to sickness and miasma.
Your stone body is resilient. (AC +8)
You are immune to poison.
You resist negative energy. (rN+)
You are resistant to electric shocks. (rElec)
You are resistant to unholy torment.
You are immune to petrification.


Message History

Press: ? - help, Shift-Dir - straight line, f - five-headed hydra
Aim: a five-headed hydra (heavily wounded, chance to affect: 29%)
The five-headed hydra easily resists.
Aiming: Mindburst
Press: ? - help, Shift-Dir - straight line, f/p - five-headed hydra
Aim: a five-headed hydra (heavily wounded, chance to affect: 29%)
The five-headed hydra easily resists.
Casting: Iron Shot (dangerous; 7% risk of failure)
Confirm with . or Enter, or press ? or * to list all spells.
Aiming: Iron Shot (dangerous; 7% risk of failure)
Press: ? - help, Shift-Dir - straight line, f/p - five-headed hydra
Aim: a five-headed hydra (heavily wounded, 91% to hit)
The iron shot hits the five-headed hydra!!!
The five-headed hydra is almost dead.
Casting: Iron Shot (dangerous; 7% risk of failure)
Confirm with . or Enter, or press ? or * to list all spells.
You don't have enough magic to cast this spell.
Unknown command.
Casting: Iron Shot (dangerous; 7% risk of failure)
Confirm with . or Enter, or press ? or * to list all spells.
Aiming: Sandblast (safe; 1% risk of failure)
Press: ? - help, Shift-Dir - straight line, f/p - five-headed hydra
Aim: a five-headed hydra (almost dead, 95% to hit)
The blast of sand misses the five-headed hydra.
Casting: Sandblast (safe; 1% risk of failure)
Confirm with . or Enter, or press ? or * to list all spells.
You don't have enough magic to cast this spell.
Unknown command.
The five-headed hydra attacks as you move away!
The five-headed hydra barely misses you.
The five-headed hydra closely misses you. x2
The five-headed hydra bites you but does no damage.
The five-headed hydra completely misses you.
The five-headed hydra attacks as you move away!
The five-headed hydra bites you but does no damage.
The five-headed hydra bites you.
* * * LOW HITPOINT WARNING * * *
The five-headed hydra bites you but does no damage.
The five-headed hydra bites you!
You die...

####..### #..##.....# ##.## #..P#
####.....## ##...# ##.## #.#+.#.##
#....# ###...## ###.....# ###..##
#.#P.#.# ###.##P.## #.#..#
#.....## #.#.###..######..'.##
##....# #####.........#.#.......#
##.D..####.##..>..........'......#
#.>....##......D@......##.#......'
##.........#...........####.......
#.....#.#####.........# ###.#'##
####.##### #####.##.P# ###.#
#P...# ##.P#### ##.# ##..## ##..##
#..# #...# #..#.# ##.#
###.######### ##.### ##.#
#.#'#..#.P#.######+.#### ### #P.##


You could see a five-headed hydra.

Vanquished Creatures
  Snorg (D:11)
  Fannar (D:10)
  A hydra (Lair:3)
  A boulder beetle (D:12)
  3 two-headed ogres
  An elephant (D:10)
  Maurice (D:8)
  2 black mambas (Lair:1)
  Maggie (D:7)
  2 cane toads
  4 rime drakes
  2 komodo dragons
  2 trolls
  A polar bear (Lair:1)
  A dream sheep (Lair:3)
  A blink frog (Lair:3)
  2 slime creatures (D:10)
  2 vampires
  43 yaks
  5 wyverns
  4 basilisks
  A water moccasin (D:7)
  2 acid dragons
  3 black bears
  7 orc warriors
  A sky beast (D:6)
  3 wolves (Lair:2)
  2 ogres
  3 centaurs
  3 gnoll sergeants
  5 bullfrogs
  2 necrophages
  A scorpion (D:5)
  8 wights
  3 killer bees (D:9)
  An electric eel (D:9)
  5 howler monkeys (D:9)
  5 centaur zombies (Ossuary)
  7 hounds
  8 orc priests
  2 gnoll boudas
  4 iguanas
  An orc wizard (D:8)
  A scorpion zombie (D:3)
  A hound zombie (D:3)
  6 mummies (Ossuary)
  Robin (D:4)
  5 adders
  20 gnolls
  A shadow imp (D:8)
  A white imp (D:7)
  An ufetubus (D:6)
  2 worms
  2 dart slugs
  31 orcs
  7 endoplasms
  5 giant cockroaches
  27 goblins
  10 hobgoblins
  5 jackals
  6 kobolds
  5 ball pythons
  2 frilled lizards
  3 hobgoblin zombies (Ossuary)
  9 rats
309 creatures vanquished.

Vanquished Creatures (others)
  9 fungi
  8 plants
17 creatures vanquished.

Grand Total: 326 creatures vanquished

Notes
Turn   | Place    | Note
-------+----------+-------------------------------------------
     0 | D:1      | zero the Gargoyle Earth Elementalist began the quest for
                  | the Orb.
     0 | D:1      | Reached XP level 1. HP: 10/10 MP: 3/3
    10 | D:1      | You fall into a shaft and drop 1 floor!
    17 | D:2      | Reached XP level 2. HP: 7/16 MP: 1/5
    70 | D:2      | Reached skill level 1 in Fighting
   128 | D:2      | Reached XP level 3. HP: 7/20 MP: 3/6
   946 | D:1      | Reached XP level 4. HP: 26/26 MP: 6/8
  1555 | D:3      | Learned a level 3 spell: Stone Arrow
  1715 | D:3      | Found a runed translucent door.
  1766 | D:3      | Found a runed translucent gate.
  1766 | D:3      | Found a runed translucent gate.
  1766 | D:3      | Found a runed translucent gate.
  1766 | D:3      | Noticed Selgatrox's ghost (amateur DrTm)
  1768 | D:3      | Found a basalt altar of Yredelemnul.
  1778 | D:3      | Reached skill level 3 in Spellcasting
  1823 | D:3      | Reached skill level 1 in Conjurations
  1823 | D:3      | Reached XP level 5. HP: 29/31 MP: 6/9
  2096 | D:3      | Found a faded altar of an unknown god.
  2186 | D:3      | Noticed tilp's ghost (weakling MeFi)
  2348 | D:4      | Noticed Robin
  2715 | D:4      | Killed Robin
  2841 | D:4      | Reached skill level 5 in Earth Magic
  2841 | D:4      | Reached XP level 6. HP: 27/37 MP: 6/11
  2960 | D:4      | Found Qaneniy's Antique Armour Shop.
  2976 | D:4      | Bought a pair of runed boots for 150 gold pieces
  3246 | D:4      | Found a white marble altar of Elyvilon.
  3246 | D:4      | Found a stormy altar of Qazlal.
  3247 | D:4      | Found an iron altar of Okawaru.
  3334 | D:4      | Found a burning altar of Makhleb.
  3461 | D:5      | Entered Level 5 of the Dungeon
  3496 | D:5      | Reached skill level 1 in Armour
  3697 | D:5      | Reached skill level 4 in Spellcasting
  3933 | D:5      | Noticed a black bear
  3940 | D:5      | Killed a black bear
  3941 | D:5      | Reached XP level 7. HP: 43/43 MP: 6/13
  5231 | D:6      | Reached skill level 5 in Fighting
  5231 | D:6      | Reached skill level 5 in Spellcasting
  5273 | D:6      | Found a runed translucent gate.
  5273 | D:6      | Found a runed translucent gate.
  5273 | D:6      | Found a runed translucent gate.
  5287 | D:6      | Found a staircase to the Ecumenical Temple.
  5303 | D:6      | Found a broken altar of Ashenzari.
  5314 | D:6      | Reached XP level 8. HP: 49/49 MP: 15/15
  5322 | Temple   | Entered the Ecumenical Temple
  6416 | D:6      | Noticed mrw0lf's ghost (novice DsHu)
  6461 | D:7      | Identified the +4 barding of Baufoec {rF+ Stlth+}
  6465 | D:7      | Noticed a wyvern
  6578 | D:7      | Killed a wyvern
  6803 | D:7      | Noticed Maggie
  7153 | D:7      | Killed Maggie
  7154 | D:7      | Reached skill level 6 in Spellcasting
  7154 | D:7      | Reached XP level 9. HP: 30/56 MP: 5/18
  7373 | D:7      | Found Katess's General Store.
  7768 | D:7      | Learned a level 6 spell: Iron Shot
  7870 | D:7      | Found a glowing golden altar of the Shining One.
  7876 | D:7      | Reached skill level 5 in Conjurations
  8048 | D:7      | Found a hazy altar of Hepliaklqana.
  8477 | D:8      | Found a sand-covered staircase.
  8482 | Ossuary  | Entered an ossuary
  8760 | D:8      | Reached skill level 7 in Spellcasting
  9063 | D:8      | Noticed Maurice
  9071 | D:8      | Paralysed by Maurice for 3 turns
  9075 | D:8      | Killed Maurice
  9232 | D:8      | Reached XP level 10. HP: 52/64 MP: 20/20
  9764 | D:9      | Found an ornate altar of the Wu Jian Council.
  9770 | D:9      | Found a radiant altar of Vehumet.
  9770 | D:9      | Found a glowing silver altar of Zin.
  9775 | D:9      | Found a bloodstained altar of Trog.
  9780 | D:9      | Became a worshipper of Vehumet
 10403 | D:9      | Reached skill level 8 in Spellcasting
 10716 | D:9      | Reached * piety under Vehumet
 10716 | D:9      | Offered knowledge of Magic Dart by Vehumet.
 10720 | D:9      | Identified a scroll of acquirement
 10720 | D:9      | Acquired a book of the Earth
 10769 | D:9      | Noticed a two-headed ogre
 10774 | D:9      | Killed a two-headed ogre
 10904 | D:9      | Reached skill level 9 in Spellcasting
 11314 | D:10     | Entered Level 10 of the Dungeon
 11354 | D:10     | Found a staircase to the Orcish Mines.
 11397 | D:10     | Noticed Fannar
 11409 | D:10     | Killed Fannar
 11410 | D:10     | Reached skill level 10 in Earth Magic
 11636 | D:10     | Reached XP level 11. HP: 71/71 MP: 24/24
 11801 | D:10     | Found a staircase to the Lair.
 11964 | D:10     | Learned a level 5 spell: Lee's Rapid Deconstruction
 12032 | D:10     | Reached skill level 10 in Spellcasting
 12095 | D:10     | Noticed a two-headed ogre
 12102 | D:10     | Killed a two-headed ogre
 12103 | D:10     | Reached skill level 10 in Fighting
 12610 | D:10     | Found a shadowy altar of Dithmenos.
 13073 | D:11     | Noticed a two-headed ogre
 13079 | D:11     | Killed a two-headed ogre
 13087 | D:11     | Noticed Snorg
 13092 | D:11     | Killed Snorg
 13093 | D:11     | Reached skill level 5 in Armour
 13723 | D:12     | Noticed Jorgrun
 13790 | D:12     | Noticed a boulder beetle
 13802 | D:12     | Killed a boulder beetle
 13807 | D:12     | Noticed a cyclops
 13807 | D:12     | Noticed a cyclops
 13991 | Lair:1   | Entered Level 1 of the Lair of Beasts
 14028 | Lair:1   | Reached skill level 11 in Spellcasting
 14206 | Lair:1   | Reached XP level 12. HP: 77/77 MP: 27/27
 14694 | Lair:1   | Reached ** piety under Vehumet
 14697 | Lair:1   | Offered knowledge of Shock by Vehumet.
 15223 | Lair:2   | Reached skill level 12 in Spellcasting
 15426 | Lair:2   | Reached skill level 10 in Conjurations
 15694 | Lair:2   | Identified the +2 dagger "Usaop" {drain, Contam rCorr Int+5
                  | SInv}
 16324 | Lair:3   | Noticed a seven-headed hydra
 16327 | Lair:3   | Reached skill level 13 in Spellcasting
 16329 | Lair:3   | Killed a seven-headed hydra
 16331 | Lair:3   | Noticed a five-headed hydra
 16340 | Lair:3   | Offered knowledge of Searing Ray by Vehumet.
 16349 | Lair:2   | HP: 3/77 [five-headed hydra (4)]
 16362 | Lair:2   | Slain by a five-headed hydra

Illustrated notes

Levels and vault maps discovered:
D:1:      scummos_arrival_forest, layout_loops_ring, serial_forest,
          infiniplex_forest_straight_2, infiniplex_forest_zigzag_2,
          infiniplex_forest_clump_medium, infiniplex_forest_join,
          infiniplex_forest_straight_5, infiniplex_forest_zigzag_1,
          infiniplex_forest_end_1, infiniplex_forest_end_3,
          chequers_serial_rivers_large_a
D:2:      layout_rooms, dk_noncrumbling_3
D:3:      layout_rooms, nicolae_yredelemnul_ghost_church,
          ebering_ghost_reflecting_pool, shapermc_ecumenical_altar_acropolis,
          minmay_diced_spiral
D:4:      minmay_spotlight, layout_basic, nicolae_overflow_quartered_altars,
          serial_shops, nicolae_diamond_shop, uniq_robin
D:5:      layout_layer_cave, minmay_ogre_servants
D:6:      layout_cave_pools, mainiacjoe_overflow_tiny_flanked,
          minmay_temple_entry_butterflies, gammafunk_ghost_icy
D:7:      layout_rooms, marbit_many_paths, mainiacjoe_overflow_six_doors_small,
          serial_shops, nicolae_shop_statue_plus, nicolae_elevator_lobby_plus,
          uniq_maggie
D:8:      layout_basic, nicolae_ossuary_entry_plus, uniq_maurice
D:9:      layout_basic, grunt_temple_overflow_open, minmay_orc_keep
D:10:     layout_layer_cave, nicolae_dithmenos_the_darkroom, david_lair_generic,
          orc_0_dummy, uniq_fannar
D:11:     layout_loops_ring, uniq_snorg
D:12:     layout_irregular_city, hex_tiny, uniq_jorgrun, uniq_josephine
Temple:   corrupted_temple
Lair:1:   layout_chaotic_city
Lair:2:   layout_roguey
Lair:3:   layout_gridlike, minmay_shoals_entry_centaurs,
          minmay_snake_entry_six_corridors, nicolae_volcano_entry_batcave,
          st_stairs_11, minmay_stone_trees_medium

Skill      XL: |  1  2  3  4  5  6  7  8  9 10 11 12 |
---------------+-------------------------------------+-----
Fighting       | 1 2 3 4 5 6 8 9 10 | 10.0
Earth Magic    | 4 5 6 8 10 | 10.0
Spellcasting   | 3 4 5 6 7 9 11 13 | 13.3
Conjurations   | 1 2 4 5 7 10 | 10.0
Armour         | 2 3 5 |  5.0
Dodging        | |  1.5
Stealth        | |  2.1
Transmutations | |  0.7

Action                     |  1- 3 |  4- 6 |  7- 9 | 10-12 || total
---------------------------+-------+-------+-------+-------++-------
  Melee: Unarmed           |     3 |       |       |       ||     3
         Long sword        |    12 |    54 |    31 |       ||    97
         Spear             |       |       |    29 |    83 ||   112
         Punch             |       |       |     2 |     1 ||     3
   Cast: Sandblast         |    34 |   102 |   112 |   138 ||   386
         Stone Arrow       |       |     6 |    68 |   117 ||   191
         Lee's Rapid Decon |       |       |       |    38 ||    38
         Iron Shot         |       |       |       |     3 ||     3
  Evoke: Wand              |       |       |     3 |     7 ||    10
    Use: Potion            |     1 |       |     2 |       ||     3
         Scroll            |       |       |    17 |    14 ||    31
   Stab: Sleeping          |     2 |       |     2 |       ||     4
         Distracted        |       |       |       |     1 ||     1
 Armour: Robe              |    15 |    84 |    93 |       ||   192
         Steam dragon scal |       |       |    98 |    95 ||   193
         Troll leather arm |       |       |       |    88 ||    88
  Dodge: Dodged            |    26 |   116 |   192 |   206 ||   540

Table legend: (Time is in decaauts)
 A = Elapsed time spent in this place.
 B = Non-inter-level travel time spent in this place.
 C = Inter-level travel time spent in this place.
 D = Time resting spent in this place.
 E = Time spent auto-exploring this place.
 F = Levels seen in this place.
 G = Mean time per level.
                   A        B        C        D        E       F      G
               +--------+--------+--------+--------+--------+-----+--------+
         Total |  16634 |  16000 |    634 |   3771 |   9871 |  17 |  978.5 |
       Dungeon |  13938 |  13374 |    564 |   3239 |   8184 |  12 | 1161.5 |
        Temple |     46 |     31 |     15 |      0 |     25 |   1 |   46.0 |
          Lair |   2407 |   2353 |     54 |    503 |   1519 |   3 |  802.3 |
       Ossuary |    241 |    241 |      0 |     29 |    143 |   1 |  241.0 |
               +--------+--------+--------+--------+--------+-----+--------+

Top non-repeatable levels by time:
     D:5: 2153 daAuts
     D:9: 1785 daAuts
     D:8: 1399 daAuts
    D:10: 1347 daAuts
     D:6: 1275 daAuts
     D:7: 1251 daAuts
  Lair:2: 1217 daAuts
  Lair:1: 1159 daAuts
     D:4: 1142 daAuts
    D:11: 999 daAuts
     D:1: 949 daAuts
     D:3: 824 daAuts
     D:2: 648 daAuts
 Ossuary: 241 daAuts
    D:12: 161 daAuts
